 Dungeon Crawl Stone Soup version 0.32-a0-938-g40ac7a0f4d (webtiles) character file.

Game seed: 12389401818428329151

234110 dialectric the Slayer (level 18, -5/194 HPs)
             Began as a Minotaur Fighter on Apr 15, 2024.
             Was the Champion of Fedhas.
             Killed by a resonance strike
             ... invoked by Zenata
              (13 damage)
             ... on level 2 of the Vaults.
             The game lasted 01:06:51 (40023 turns).

dialectric the Slayer (Minotaur Fighter)           Turns: 40023, Time: 01:06:52

Health: -5/194     AC: 31    Str: 38      XL:     18   Next: 87%
Magic:  0/29       EV: 16    Int:  4      God:    Fedhas [******]
Gold:   3687       SH:  9    Dex: 13 (14) Spells: 30/33 levels left

rFire   . . .        y - +8 whip "Fimy" {freeze, ^Fragile Str+4}
rCold   . . .        D - +2 buckler {AC+3}
rNeg    . . .        a - +5 chain mail of the Maze {rElec Will- Str+4 Stlth-}
rPois   .            P - +2 hat {SInv}
rElec   +            E - scarf {repulsion}
rCorr   .            B - +2 pair of gloves
SInv    +            V - +2 pair of slick slippers {slick, slippery, EV+4}
Will    .....        Y - amulet "Asufydon" {Spirit Str+5 Dex-3 SInv Stlth-} Stlth
                     W - +4 ring of slaying
HPRegen 0.52/turn    K - +4 ring of slaying
MPRegen 0.21/turn

%: repel missiles, guardian spirit
@: lethally poisoned (-5 -> -11), about to teleport, studying Summonings
A: horns 2, retaliatory headbutt, talons 1, agile 1, deterioration 1
}: 1/15 runes: gossamer
a: Renounce Religion, Wall of Briars, Grow Ballistomycete, Overgrow, Grow Oklob


You were on level 2 of the Vaults.
You worshipped Fedhas.
Fedhas was exalted by your worship.
You visited 9 branches of the dungeon, and saw 36 of its levels.
You visited the Abyss 1 time.
You also visited: Bailey.

You collected 4869 gold pieces.
You spent 1182 gold pieces at shops.

Inventory:

Hand Weapons
 y - the +8 whip "Fimy" (weapon) {freeze, ^Fragile Str+4}
   (You found it on level 6 of the Dungeon)

   Str+4:     It affects your strength (+4).
   ^Fragile:  It will be destroyed if unequipped.
 R - a +9 eveningstar of venom
Missiles
 p - 32 poisoned darts (quivered)
 J - a throwing net
Armour
 a - the +5 chain mail of the Maze (worn) {rElec Will- Str+4 Stlth-}
   (You bought it in a shop on level 2 of the Dungeon)

   Str+4:     It affects your strength (+4).
   rElec:     It insulates you from electricity.
   Will-:     It decreases your willpower.
   Stlth-:    It makes you less stealthy.
 x - the +0 pair of gloves of Restlessness {+Blink Regen+ Dex+2 Stlth-}
   (You found it on level 4 of the Spider Nest)

   Dex+2:     It affects your dexterity (+2).
   +Blink:    It lets you blink.
   Regen+:    It increases your rate of health regeneration.
   Stlth-:    It makes you less stealthy.
 B - a +2 pair of gloves (worn)
 D - a +2 buckler of protection (worn)
 E - a scarf of repulsion (worn)
 P - a +2 hat of see invisible (worn)
 V - the +2 pair of slick slippers (worn) {slick, slippery, EV+4}
   (You bought it in a shop on level 1 of the Dungeon)

   Slick:     Its wearer cannot be constricted, engulfed, netted, webbed, or
   stopped by binding sigils.
   Slippery:  Its wearer slips away from damaging melee attacks, pulling the
   attacker onward.
   EV+4:      It affects your evasion (+4).
Jewellery
 b - a +4 ring of slaying
 e - a +6 ring of strength
 H - an amulet of reflection
 K - a +4 ring of slaying (right hand)
 W - a +4 ring of slaying (left hand)
 Y - the amulet "Asufydon" (around neck) {Spirit Str+5 Dex-3 SInv Stlth-}
   (You acquired it on level 3 of the Lair of Beasts)

   [amulet of guardian spirit]

   Spirit:    It causes incoming damage to be divided between your reserves of
   health and magic.
   Str+5:     It affects your strength (+5).
   Dex-3:     It affects your dexterity (-3).
   SInv:      It lets you see invisible.
   Stlth-:    It makes you less stealthy.
Wands
 n - a wand of digging (6)
 s - a wand of light (20)
 A - a wand of polymorph (20)
 C - a wand of charming (16)
 G - a wand of iceblast (18)
 N - a wand of flame (63)
Scrolls
 f - 2 scrolls of fog
 g - 2 scrolls of torment
 i - 3 scrolls of revelation
 o - 7 scrolls of butterflies
 q - 4 scrolls of teleportation
 u - 2 scrolls of vulnerability
 F - 5 scrolls of immolation
 L - a scroll of blinking
 M - 4 scrolls of poison
 S - 2 scrolls of fear
 Z - a scroll of brand weapon
Potions
 c - a potion of brilliance {unknown}
 d - 3 potions of might
 h - 9 potions of ambrosia
 j - 7 potions of heal wounds
 k - 13 potions of curing
 l - 5 potions of attraction
 m - 7 potions of enlightenment
 t - a potion of invisibility
 v - 5 potions of resistance
 w - 4 potions of lignification
 z - 2 potions of mutation
 O - a potion of berserk rage
 X - 4 potions of haste
Miscellaneous
 r - a sack of spiders
 I - a phantom mirror
 T - a condenser vane
 U - a phial of floods (inert)


   Skills:
 * Level 25.4 Fighting
 - Level 18.4 Maces & Flails
 - Level 21.0 Armour
 - Level 8.0 Dodging
 + Level 12.0 Shields
 + Level 8.3 Spellcasting
 - Level 8.1 Necromancy
 - Level 9.0 Invocations
 - Level 6.0 Evocations


You had 30 spell levels left.
You knew the following spells:

 Your Spells              Type           Power      Damage    Failure   Level
a - Fugue of the Fallen   Necr           8%         N/A       5%          3

Your spell library contained the following spells:

 Spells                   Type           Power      Damage    Failure   Level
 Necrotise                Necr           32%        1d5       1%          1
 Sublimation of Blood     Necr           8%         N/A       2%          2
 Apportation              Tloc           2%         N/A       45%         1
 Foxfire                  Conj/Fire      4%         2x1d4     45%         1
 Freeze                   Ice            4%         1d3       45%         1
 Magic Dart               Conj           4%         1d3       45%         1
 Shock                    Conj/Air       4%         1d3       45%         1
 Sting                    Conj/Alch      4%         1d3       45%         1
 Summon Small Mammal      Summ           4%         N/A       45%         1
 Blink                    Tloc           2%         N/A       58%         2
 Call Imp                 Summ           2%         N/A       58%         2
 Ensorcelled Hibernation  Hex/Ice        2%         N/A       58%         2
 Jinxbite                 Hex            2%         N/A       58%         2
 Lesser Beckoning         Tloc           2%         N/A       58%         2
 Mercury Vapours          Alch/Air       2%         N/A       58%         2
 Momentum Strike          Conj/Tloc      2%         3d8       58%         2
 Call Canine Familiar     Summ           1%         N/A       83%         3
 Frozen Ramparts          Ice            2%         1d1       83%         3
 Hailstorm                Conj/Ice       1%         3d5       83%         3
 Inner Flame              Hex/Fire       1%         N/A       83%         3
 Maxwell's Portable Pile  Tloc           1%         2d(5-13)  83%         3
 Ozocubu's Armour         Ice            1%         N/A       83%         3
 Passwall                 Erth           1%         N/A       83%         3
 Swiftness                Air            1%         N/A       83%         3
 Teleport Other           Tloc           1%         N/A       83%         3
 Volatile Blastmotes      Fire/Tloc      2%         2d10      83%         3
 Airstrike                Air            0%         2d(1-17)  99%         4
 Flame Wave               Conj/Fire      1%         2d4       99%         4
 Olgreb's Toxic Radiance  Alch           1%         N/A       99%         4
 Sticky Flame             Fire/Alch      1%         2d4       99%         4
 Summon Blazeheart Golem  Fire/Summ      1%         N/A       99%         4
 Vhi's Electric Charge    Tloc/Air       2%         N/A       99%         4
 Alistair's Intoxication  Alch           0%         N/A       100%        5
 Irradiate                Conj/Alch      0%         3d11      100%        5
 Summon Forest            Summ/Tloc      0%         N/A       100%        5
 Summon Mana Viper        Hex/Summ       1%         N/A       100%        5
 Bombard                  Conj/Erth      0%         9d1       100%        6
 Plasma Beam              Fire/Air       0%         2x1d10    100%        6
 Starburst                Conj/Fire      0%         6d3       100%        6
 Summon Cactus Giant      Summ           0%         N/A       100%        6
 Manifold Assault         Tloc           0%         N/A       100%        7
 Summon Hydra             Summ           0%         N/A       100%        7
 Ignition                 Fire           0%         3d3       100%        8


Dungeon Overview and Level Annotations

Branches:
Dungeon (15/15)            Temple (1/1) D:7            Lair (5/5) D:11
  Swamp (4/4) Lair:3       Spider (4/4) Lair:2        Slime (0/5) Lair:5
    Orc (2/2) D:11            Elf (2/3) Orc:2        Vaults (2/5) D:13
 Depths (1/4) D:15         Bailey (visited)
  Crypt: Vaults:2-3

Altars:
Ashenzari
Cheibriados
Dithmenos
Elyvilon
Fedhas
Gozag
Hepliaklqana
Kikubaaqudgha
Makhleb
Nemelex Xobeh
Okawaru
Qazlal
Ru
Sif Muna
Trog
Uskayaw
Vehumet
Wu Jian
Xom
Yredelemnul
Zin
The Shining One
Beogh
Lugonu

Shops:
D:1 [   D:2 [[:??   D:14 ?   Orc:1 *   Orc:2 (**!=*   Elf:2 =::

Portals:
Abyss: Lair:5

Annotations:
D:3 1 runed translucent door, relicbr's ghost, amateur OpHW
D:11 Erolcha
Lair:4 Qazery's ghost, journeyman MDFi
Swamp:2 Mlioglotl
Spider:1 3 runed translucent doors, Cusykhlelepp's ghost, journeyman FeSu; Jimauti's ghost, adept TeFi; NotBatman's ghost, adept DrHu
Elf:1 1 runed translucent door, exclusion: obsidian statue, D0namaru's ghost, journeyman DsNe
Elf:2 3 runed translucent doors
Vaults:2 Zenata
Depths:1 exclusion: 2 ice statues, Sojobo


Innate Abilities, Weirdness & Mutations

You have a pair of horns on your head.
You reflexively headbutt those who attack you in melee.
You have sharp toenails.
You are agile. (Dex +4, Str/Int -1)
Your body sometimes deteriorates upon taking damage.


Message History

The +2 scimitar of holy wrath hits you but does no damage.
The +2 battleaxe of flaming hits you but does no damage.
The +2 halberd of freezing hits you but does no damage.
The +0 mace of holy wrath closely misses you.
The +2 short sword of venom misses you. You furiously retaliate!
You headbutt the +2 short sword of venom!!
You block the +4 glaive of venom's attack.
You block the +2 scimitar of holy wrath's attack.
The +2 battleaxe of flaming hits you!
* * * LOW HITPOINT WARNING * * *
The +2 battleaxe of flaming burns you.
* * * LOW HITPOINT WARNING * * *
The +2 halberd of freezing hits you from afar!
* * * LOW HITPOINT WARNING * * *
The +2 halberd of freezing freezes you.
* * * LOW HITPOINT WARNING * * *
The +0 mace of holy wrath barely misses you.
The +4 glaive of venom misses you.
The +2 short sword of venom hits you but does no damage.
You are lethally poisoned!
You feel much better.
You feel very sick. The +2 scimitar of holy wrath hits you.
* * * LOW HITPOINT WARNING * * *
You slip backwards!
You block the +2 short sword of venom's attack.
You block the +2 halberd of freezing's attack.
The +0 mace of holy wrath hits you but does no damage.
The +2 scimitar of holy wrath completely misses you.
The +2 short sword of venom hits you but does no damage.
The +2 halberd of freezing hits you from afar!
* * * LOW HITPOINT WARNING * * *
The +2 halberd of freezing freezes you.
* * * LOW HITPOINT WARNING * * *
The +0 mace of holy wrath hits you but does no damage.
Zenata points at you and mumbles some strange words.
A blast of power from the earth and the adjacent constructs strikes you!
You die...
Zenata says, "Let's see what's inside you."
Fedhas appreciates your contribution to the ecosystem.

##+########
#.........#
#.........#
#...a.....#
#...(<....#
#.(((.....#
+.@((.....#
###########


You could see Zenata and 6 dancing weapons.

Vanquished Creatures
  Arachne (Spider:2)
  Jorgrun (Spider:1)
  Gastronok (D:11)
  Aizul (Spider:4)
  Donald (Swamp:4)
  4 emperor scorpions (Spider:4)
  4 vault wardens (Vaults:1)
  A deep elf sorcerer (Elf:2)
  3 ghost moths (Spider:4)
  An orc warlord (Orc:1)
  3 ironbound preservers (Vaults:1)
  2 broodmothers
  2 ironbound thunderhulks (Vaults:1)
  5 eleionomae
  A deep elf death mage (Elf:2)
  A deep elf annihilator (Elf:2)
  2 spark wasps (Spider:4)
  Nessos (Lair:5)
  2 bunyips (Swamp:3)
  4 slime creatures (Vaults:1)
  A mummy priest (Elf:1)
  2 ettins
  2 jiangshi (Depths:1)
  A fire dragon (Lair:1)
  5 entropy weavers
  2 great orbs of eyes (Vaults:1)
  A deep elf high priest (Elf:1)
  2 vault guards (Vaults:1)
  A yaktaur captain (Vaults:1)
  A catoblepas (D:13)
  A rakshasa (Depths:1)
  A ghost crab (Swamp:1)
  An ogre mage (D:13)
  10 hydras
  3 centaur warriors
  2 ironbound frosthearts (Vaults:1)
  4 alligators
  6 two-headed ogres
  A radroach (Spider:4)
  16 dancing weapons
  5 tengu warriors
  6 boulder beetles
  A death yak (Lair:3)
  Urug (Lair:3)
  4 demonic crawlers
  9 orc high priests
  4 thrashing horrors
  A sun demon (Abyss:2)
  9 deep elf knights
  A wretched star (Abyss:2)
  4 skeletal warriors
  4 goliath frogs
  4 pharaoh ants
  6 deep elf archers
  8 orb spiders
  A flayed ghost (D:15)
  A storm dragon skeleton (D:15)
  3 bog bodies
  11 deep trolls (Vaults:1)
  2 shadow demons (Elf:1)
  2 spriggan druids
  2 swamp dragons
  2 ironbound convokers (Vaults:1)
  4 harpies (Vaults:1)
  3 sun moths (Spider:1)
  A lindwurm (Vaults:1)
  9 orc knights
  An obsidian bat (Orc:1)
  4 thermic dynamos (Elf:2)
  A necromancer (D:15)
  12 deep elf zephyrmancers
  5 steelbarb worms
  11 ugly things
  16 deep elf pyromancers
  13 wolf spiders
  A worldbinder (Abyss:2)
  4 orc sorcerers
  5 cyclopes
  3 moths of wrath
  2 manticores
  A will-o-the-wisp (Swamp:3)
  14 elephants
  3 black mambas
  6 kobold blastminers
  6 meliai
  7 vault sentinels (Vaults:1)
  3 gargoyles
  2 large abominations (Lair:5)
  5 torpor snails
  3 centaur skeletons (D:13)
  4 smoke demons
  8 cane toads
  3 kobold demonologists
  Jeremiah (Lair:1)
  A rime drake (Lair:3)
  8 komodo dragons
  13 yaktaurs
  An unseen horror (shapeshifter) (Elf:2)
  2 ice devils
  10 trolls
  17 tarantellas
  13 hornets
  A wind drake (shapeshifter) (Lair:5)
  4 tyrant leeches
  27 blink frogs
  35 jumping spiders
  2 raiju (Lair:5)
  3 dream sheep (Lair:1)
  A spriggan skeleton (D:15)
  A centaur simulacrum (D:15)
  2 vampires (D:12)
  21 culicivoras
  7 spriggans
  3 air elementals
  A shadow (D:12)
  4 wyverns
  3 wraiths
  2 ynoxinuls (Lair:5)
  7 basilisks
  67 yaks
  A yak (shapeshifter) (D:14)
  2 water elementals
  A golden eye (shapeshifter) (Lair:5)
  4 wargs
  A fire elemental (Elf:2)
  21 vampire mosquitoes
  A steam dragon (D:7)
  56 redbacks
  2 chaos spawn (Lair:5)
  21 swamp worms
  15 water moccasins
  2 acid dragons
  54 orc warriors
  A swamp drake (Swamp:2)
  An ice beast (D:8)
  An ice beast (shapeshifter) (D:13)
  A black bear (D:7)
  3 boggarts (Elf:1)
  13 ogres
  2 sky beasts
  22 wolves
  12 small abominations (Lair:5)
  2 laughing skulls (D:14)
  7 centaurs
  4 phantoms
  5 kobold brigands
  A scorpion (D:5)
  12 bullfrogs
  2 earth elementals
  12 killer bees (D:9)
  5 electric eels
  5 howler monkeys
  6 hounds
  8 jellies
  27 orc priests
  An iguana (D:6)
  An iron imp (Abyss:2)
  6 hell rats (Lair:3)
  11 orc wizards
  Robin (D:1)
  4 gnolls
  5 adders
  2 shadow imps
  2 white imps
  2 ufetubi (D:3)
  A dart slug (D:1)
  81 orcs
  8 endoplasms
  2 giant cockroaches (D:3)
  15 goblins
  9 hobgoblins
  3 jackals (D:2)
  10 kobolds
  A quokka (D:2)
  4 ball pythons (D:1)
  7 bats
  7 frilled lizards
  3 rats
1131 creatures vanquished.

Vanquished Creatures (others)
  2 thorn hunters (Swamp:4)
  A shambling mangrove (Swamp:4)
  2 hydras
  A goliath frog (Swamp:2)
  A deep troll (Vaults:1)
  A lindwurm (Vaults:1)
  A deep elf pyromancer (Elf:2)
  A wolf spider (Spider:2)
  A meliai (shapeshifter) (Elf:1)
  A centaur skeleton (D:13)
  2 bloated husks
  A jumping spider (Spider:1)
  A swamp worm (Swamp:2)
  An ogre (D:13)
  A brain worm (Abyss:2)
  A sleepcap (D:6)
  2 orcs (Orc:2)
  A lurking horror (Abyss:2)
  3 starspawn tentacles (Swamp:2)
25 creatures vanquished.

Grand Total: 1156 creatures vanquished

Notes
Turn   | Place    | Note
-------+----------+-------------------------------------------
     0 | D:1      | dialectric the Minotaur Fighter began the quest for the
                  | Orb.
     0 | D:1      | Reached XP level 1. HP: 19/19 MP: 0/0
   193 | D:1      | Reached XP level 2. HP: 27/27 MP: 1/1
   396 | D:1      | Found Kevivvi's Armour Emporium.
   605 | D:2      | Reached skill level 4 in Fighting
   610 | D:2      | Noticed Robin
   612 | D:2      | Reached XP level 3. HP: 33/33 MP: 2/2
   651 | D:2      | Found a faded altar of an unknown god.
   662 | D:2      | Found Xasanex's Magic Scroll Shop.
   707 | D:2      | Found Hapromme's Magic Scroll Shoppe.
   719 | D:1      | Killed Robin
   815 | D:1      | Reached XP level 4. HP: 30/41 MP: 3/3
  1111 | D:2      | Found Qoxtaclo's Armour Shoppe.
  1133 | D:2      | Found Obru's Book Emporium.
  1164 | D:2      | Found Moamulext's Antique Armour Shop.
  1327 | D:2      | Prayed at the altar of an unknown god.
  1327 | D:2      | Became a worshipper of Fedhas Madash
  1327 | D:2      | Reached * piety under Fedhas
  1429 | D:3      | Found a runed translucent door.
  1431 | D:3      | Noticed relicbr's ghost (amateur OpHW)
  1651 | D:3      | Reached XP level 5. HP: 47/47 MP: 4/4
  2261 | D:4      | Reached skill level 5 in Fighting
  2261 | D:4      | Reached skill level 5 in Armour
  2318 | D:4      | Reached skill level 5 in Shields
  2895 | D:5      | Entered Level 5 of the Dungeon
  2914 | D:5      | Reached XP level 6. HP: 54/56 MP: 5/5
  3071 | D:5      | Reached skill level 1 in Dodging
  3299 | D:5      | Reached skill level 5 in Maces & Flails
  3319 | D:5      | Reached ** piety under Fedhas
  3320 | D:5      | Reached XP level 7. HP: 52/62 MP: 6/6
  3838 | D:6      | Reached skill level 6 in Fighting
  3842 | D:6      | Identified the +8 whip "Fimy" {freeze, ^Fragile Str+4}
  4467 | D:7      | Reached XP level 8. HP: 70/71 MP: 7/7
  4475 | D:7      | Found a broken altar of Ashenzari.
  4475 | D:7      | Found a shadowy altar of Dithmenos.
  4482 | D:7      | Found a stormy altar of Qazlal.
  4485 | D:7      | Found a snail-covered altar of Cheibriados.
  4526 | D:7      | Found a basalt altar of Yredelemnul.
  4529 | D:7      | Found an iron altar of Okawaru.
  4556 | D:7      | Reached skill level 7 in Fighting
  4777 | D:2      | Bought a twisted chain mail for 285 gold pieces
  4777 | D:2      | Identified the +5 chain mail of the Maze {rElec Will- Str+4
                  | Stlth-} (You bought it in a shop on level 2 of the Dungeon)
  5062 | D:7      | Found a glowing golden altar of the Shining One.
  5091 | D:7      | Found a staircase to the Ecumenical Temple.
  5262 | D:7      | Reached skill level 8 in Fighting
  5737 | D:8      | Reached XP level 9. HP: 68/81 MP: 8/8
  5876 | D:8      | Reached *** piety under Fedhas
  5898 | D:9      | Reached skill level 9 in Fighting
  6037 | D:9      | Reached skill level 10 in Maces & Flails
  6055 | D:9      | Reached skill level 10 in Armour
  6058 | D:9      | Reached XP level 10. HP: 54/91 MP: 9/9
  6101 | D:9      | Found a flagged portal.
  6137 | D:9      | Reached **** piety under Fedhas
  6321 | Bailey   | Entered a bailey
  6743 | Bailey   | Found a roughly hewn altar of Beogh.
  6743 | Bailey   | Noticed an orc knight
  6761 | Bailey   | Killed an orc knight
  6893 | D:9      | Noticed a white ugly thing
  6904 | D:9      | Killed a white ugly thing
  6905 | D:9      | Reached skill level 5 in Dodging
  6922 | D:9      | Identified the +1 ring mail of Parlour Games {+Inv Fly
                  | Str+8 Int-3}
  7078 | D:9      | Found a blossoming altar of Fedhas.
  7101 | D:9      | Reached skill level 10 in Fighting
  7142 | D:8      | Reached XP level 11. HP: 96/100 MP: 10/10
  7640 | D:10     | Entered Level 10 of the Dungeon
  7802 | D:10     | Reached ***** piety under Fedhas
  7803 | D:10     | Reached skill level 11 in Fighting
  8301 | D:10     | Reached skill level 1 in Invocations
  8305 | D:10     | Reached skill level 1 in Evocations
  8769 | D:11     | Noticed a two-headed ogre
  9029 | D:11     | Found a staircase to the Lair.
  9058 | D:11     | Noticed Erolcha
  9064 | Abyss:2  | Cast into level 2 of the Abyss (Erolcha)
  9074 | Abyss:2  | Noticed a sun demon
  9081 | Abyss:2  | Killed a sun demon
  9082 | Abyss:2  | Reached skill level 12 in Fighting
  9118 | Abyss:2  | Noticed a wretched star
  9138 | Abyss:2  | Killed a wretched star
  9186 | Abyss:2  | Noticed a thrashing horror
  9189 | Abyss:2  | Noticed a deep elf pyromancer
  9189 | Abyss:2  | Noticed a thrashing horror
  9203 | Abyss:2  | Killed a thrashing horror
  9205 | Abyss:2  | Killed a thrashing horror
  9219 | D:11     | Escaped the Abyss
  9223 | D:11     | Killed a two-headed ogre
  9224 | D:11     | Reached skill level 13 in Fighting
  9709 | D:11     | Reached XP level 12. HP: 115/115 MP: 12/12
  9709 | D:11     | Noticed Gastronok
  9736 | D:11     | Killed Gastronok
  9889 | D:11     | Found a staircase to the Orcish Mines.
  9904 | D:11     | Noticed a two-headed ogre
  9905 | D:11     | Noticed a centaur warrior
  9915 | D:11     | Killed a two-headed ogre
 10264 | D:11     | Noticed a two-headed ogre
 10269 | D:11     | Killed a two-headed ogre
 10275 | D:11     | Killed a centaur warrior
 10276 | D:11     | Reached skill level 14 in Fighting
 10276 | D:11     | Reached skill level 15 in Armour
 10541 | Orc:1    | Entered Level 1 of the Orcish Mines
 10591 | Orc:1    | Reached skill level 5 in Evocations
 10682 | Orc:2    | Entered Level 2 of the Orcish Mines
 11068 | Orc:2    | Found a staircase to the Elven Halls.
 11073 | Orc:2    | Found Fodu Poi's General Store.
 11193 | Orc:2    | Found Vucwekhle's Weapon Shoppe.
 11250 | Orc:2    | Noticed an orc warlord
 11342 | D:12     | Found a stormy altar of Qazlal.
 11400 | D:12     | Reached skill level 15 in Fighting
 11400 | D:12     | Reached skill level 15 in Maces & Flails
 11590 | D:12     | Noticed a boulder beetle
 11611 | D:12     | Killed a boulder beetle
 11802 | D:12     | Reached ****** piety under Fedhas
 12188 | Lair:1   | Entered Level 1 of the Lair of Beasts
 12278 | Lair:1   | Reached XP level 13. HP: 128/128 MP: 13/13
 12622 | Lair:1   | Noticed Jeremiah
 12630 | Lair:1   | Killed Jeremiah
 12695 | Lair:1   | Reached skill level 16 in Fighting
 12718 | Lair:1   | Learned a level 3 spell: Fugue of the Fallen
 13246 | Lair:1   | Noticed a fire dragon
 13262 | Lair:1   | Killed a fire dragon
 13906 | D:1      | Bought the +2 pair of slick slippers {slick, slippery,
                  | EV+4} for 324 gold pieces
 13906 | D:1      | Found the +2 pair of slick slippers {slick, slippery, EV+4}
 14183 | Lair:1   | Reached skill level 1 in Necromancy
 14471 | Lair:2   | Found a hole to the Spider Nest.
 14475 | Lair:2   | Reached skill level 17 in Fighting
 15185 | Lair:3   | Identified 2 scrolls of acquirement
 15388 | Lair:3   | Noticed Urug
 15409 | Lair:3   | Killed Urug
 15544 | Lair:3   | Acquired the amulet "Asufydon" {Spirit Str+5 Dex-3 SInv
                  | Stlth-}
 15718 | Lair:3   | Found a staircase to the Swamp.
 16034 | Lair:4   | Found a runed translucent door.
 16039 | Lair:4   | Noticed Qazery's ghost (journeyman MDFi)
 16082 | Lair:4   | Reached skill level 18 in Fighting
 16118 | Lair:4   | Reached XP level 14. HP: 143/143 MP: 14/14
 16663 | Lair:5   | Entered Level 5 of the Lair of Beasts
 16883 | Lair:5   | Noticed Nessos
 16917 | Lair:5   | Killed Nessos
 17204 | Lair:5   | Found a staircase to the Slime Pits.
 18173 | D:13     | Reached skill level 19 in Fighting
 18416 | D:13     | Found a gate to the Vaults.
 18510 | D:13     | Reached skill level 1 in Spellcasting
 18837 | D:14     | Reached skill level 5 in Necromancy
 18857 | D:14     | Identified the +10 battleaxe of Weeher {spect, rC+ Str+3}
 18994 | D:14     | Found Moiletz's Magic Scroll Boutique.
 19012 | D:14     | Bought a scroll of teleportation for 45 gold pieces
 19544 | D:15     | Entered Level 15 of the Dungeon
 19901 | D:15     | Reached XP level 15. HP: 75/154 MP: 11/17
 20341 | D:15     | Found a shimmering altar of Xom.
 21290 | Lair:5   | Reached skill level 20 in Fighting
 21677 | Lair:5   | Found a corrupted altar of Lugonu.
 21677 | Lair:5   | Found a one-way gate to the infinite horrors of the Abyss.
 22603 | Orc:1    | Found Qeebiuw's General Store.
 22614 | Orc:1    | Bought a scroll of teleportation for 33 gold pieces
 22614 | Orc:1    | Bought a scroll of teleportation for 33 gold pieces
 22914 | Orc:1    | Bought a scroll of fear for 44 gold pieces
 22992 | Orc:2    | Reached skill level 21 in Fighting
 23053 | Orc:2    | Found Messips's Distillery.
 23054 | Orc:2    | Found Wudafav's Jewellery Shoppe.
 23054 | Orc:2    | Found Zusangixea's General Store.
 23055 | Orc:2    | Found Odidek's General Store.
 23064 | Orc:2    | Bought a scroll of identify for 30 gold pieces
 23067 | Orc:2    | Bought a potion of curing for 42 gold pieces
 23067 | Orc:2    | Bought a potion of curing for 42 gold pieces
 23067 | Orc:2    | Bought a potion of mutation for 112 gold pieces
 23068 | Orc:2    | Gained mutation: You are agile. (Dex +4, Str/Int -1)
                  | [potion of mutation]
 23068 | Orc:2    | Gained mutation: You have sharp toenails. [potion of
                  | mutation]
 23147 | Orc:2    | Bought a potion of curing for 45 gold pieces
 23209 | Orc:2    | Found a roughly hewn altar of Beogh.
 23461 | Spider:1 | Entered Level 1 of the Spider Nest
 23501 | Spider:1 | Reached skill level 5 in Invocations
 24183 | Spider:1 | Reached XP level 16. HP: 151/167 MP: 18/21
 24223 | Spider:1 | Identified the +2 robe of the Lute {rElec Str+2}
 24284 | Spider:1 | Noticed Jorgrun
 24295 | Spider:1 | Killed Jorgrun
 24569 | Spider:1 | Found a runed translucent gate.
 24570 | Spider:1 | Found a runed translucent gate.
 24570 | Spider:1 | Found a runed translucent gate.
 24572 | Spider:1 | Noticed NotBatman's ghost (adept DrHu)
 24572 | Spider:1 | Noticed Jimauti's ghost (adept TeFi)
 24573 | Spider:1 | Noticed Cusykhlelepp's ghost (journeyman FeSu)
 25258 | Spider:2 | Acquired 900 gold pieces
 25828 | Spider:2 | Reached skill level 5 in Spellcasting
 25874 | Spider:2 | Reached skill level 22 in Fighting
 26101 | Spider:2 | Noticed Arachne
 26118 | Spider:2 | Killed Arachne
 26807 | D:15     | Found a staircase to the Depths.
 27162 | Depths:1 | Entered Level 1 of the Depths
 27513 | Depths:1 | Noticed Sojobo
 27513 | Depths:1 | Noticed a tengu reaver
 27516 | Depths:1 | Noticed a tengu reaver
 27518 | Depths:1 | Paralysed by an air elemental for 1 turns
 27524 | Depths:1 | Paralysed by an air elemental for 1 turns
 27529 | Depths:1 | Paralysed by an air elemental for 1 turns
 28674 | Spider:4 | Entered Level 4 of the Spider Nest
 29421 | Spider:4 | Reached XP level 17. HP: 174/178 MP: 24/24
 29538 | Spider:4 | Identified the serpent talisman of the Date {rN+ Dex+2}
 29538 | Spider:4 | Noticed Aizul
 29549 | Spider:4 | Killed Aizul
 29559 | Spider:4 | Reached skill level 23 in Fighting
 29572 | Spider:4 | Identified the +0 pair of gloves of Restlessness {+Blink
                  | Regen+ Dex+2 Stlth-}
 30094 | Swamp:1  | Entered Level 1 of the Swamp
 31413 | Swamp:2  | Noticed Mlioglotl
 32388 | Swamp:4  | Entered Level 4 of the Swamp
 32389 | Swamp:4  | Noticed Donald
 32409 | Swamp:4  | Killed Donald
 33084 | Elf:1    | Entered Level 1 of the Elven Halls
 33215 | Elf:1    | Found a runed translucent door.
 33215 | Elf:1    | Noticed D0namaru's ghost (journeyman DsNe)
 33247 | Elf:1    | Reached skill level 24 in Fighting
 33732 | Elf:1    | Found a shimmering blue altar of Sif Muna.
 33744 | Elf:1    | Identified the +4 long sword of Gifete {venom, rN+ Int+3
                  | Dex+3}
 33978 | Elf:2    | Acquired 1280 gold pieces
 34417 | Elf:2    | Reached skill level 10 in Shields
 34417 | Elf:2    | Reached XP level 18. HP: 162/192 MP: 24/27
 34674 | Elf:2    | Found Viystrigg's Book Shop.
 34676 | Elf:2    | Found Fehis's Jewellery Shoppe.
 34677 | Elf:2    | Found Agys's Book Shop.
 34956 | Elf:2    | Found a runed translucent gate.
 34956 | Elf:2    | Found a runed translucent gate.
 34956 | Elf:2    | Found a runed translucent gate.
 36015 | Elf:1    | Gained mutation: Your body sometimes deteriorates upon
                  | taking damage. [a neqoxec]
 37024 | D:2      | Bought a scroll of teleportation for 42 gold pieces
 37024 | D:2      | Bought a scroll of enchant weapon for 105 gold pieces
 37841 | Spider:4 | Got a gossamer rune of Zot
 38123 | Temple   | Entered the Ecumenical Temple
 38275 | Vaults:1 | Entered Level 1 of the Vaults
 38627 | Vaults:1 | Reached skill level 25 in Fighting
 40000 | Vaults:2 | Noticed Zenata
 40021 | Vaults:2 | HP: 9/194 [Zenata/a resonance strike (10)]
 40022 | Vaults:2 | HP: 4/194 [+2 halberd of freezing[Zenata] (12)]
 40022 | Vaults:2 | HP: 1/194 [+2 halberd of freezing[Zenata] (3)]
 40023 | Vaults:2 | Killed from afar by Zenata

Illustrated notes

Levels and vault maps discovered:
D:1:      nzn_arrival_water_spiral, layout_loops_ring, serial_shops, shop
D:2:      layout_rooms, serial_shops, shop, nicolae_shop_waterfront, shop, shop,
          shop, ebering_ecumenical_altar_webs, uniq_robin
D:3:      layout_loops_ring, hellmonk_ghost_happy_afterlife
D:4:      layout_basic
D:5:      layout_basic
D:6:      layout_gridville, hangedman_decor_clover_reticule
D:7:      layout_basic, tso_oasis_becter, nicolae_overflow_hallway_of_the_gods,
          minmay_temple_entry_statues_pillars, minmay_crystal_room
D:8:      wad_river_or_something, layout_cave_pools, minmay_manual_mares
D:9:      layout_irregular_city, fedhas_bush_and_centaur_altar,
          gammafunk_ghost_abyssal_escape, enter_bailey_3, corexii_checkpoint,
          minmay_microvault
D:10:     layout_irregular_city
D:11:     layout_basic, erik_lair_island, lightli_corner_chamber,
          uniq_gastronok, uniq_erolcha
D:12:     layout_irregular_city, nicolae_qazlal_scattered_showers
D:13:     layout_loops_ring, hangedman_vaults_entry_quadrant_bands
D:14:     layout_long_grid, nicolae_cairo_tiling, serial_shops,
          nicolae_shop_behind_doors
D:15:     gammafunk_depths_entry_grave, layout_irregular_city, xom_redecorated
Temple:   nicolae_temple_two_arcs
Lair:1:   dragon1_lemuel, layout_layer_cave, uniq_jeremiah
Lair:2:   layout_chaotic_city, dummy_spider_entry, grunt_megastairs_2
Lair:3:   layout_chaotic_city, nicolae_swamp_entry_splash_gauntlet,
          grunt_megastairs_3, uniq_urug
Lair:4:   layout_small_grid, ebering_ghost_inner_flame, grunt_megastairs_5,
          serial_bayou_shore_b
Lair:5:   hellmonk_lair_end_abyssal_woods, layout_misc_corridors,
          nicolae_slime_entry_slimehenge, uniq_nessos
Swamp:1:  layout_basic_swamp, serial_swamp_ruin, evilmike_swamp_ruin_house_3,
          evilmike_swamp_ruin_house_4
Swamp:2:  layout_basic_swamp, evilmike_swamp_ruin_house_5,
          nicolae_swamp_no_escape, infiniplex_staircase_pool, uniq_mlioglotl
Swamp:3:  layout_basic_swamp, nicolae_swamp_well_well_well
Swamp:4:  swamp_alternative, layout_basic_swamp, uniq_donald, uniq_roxanne,
          uniq_mara
Spider:1: layout_spider_delve, gammafunk_ghost_cemetery,
          hellmonk_motheaten_closet, uniq_jorgrun
Spider:2: layout_cave_pods, nicolae_orb_island, uniq_arachne
Spider:3: nicolae_spider_hilbert_zone_4 [nicolae_spider_hilbert_4_sides_2_open,
          nicolae_spider_hilbert_4_sides_1_open,
          nicolae_spider_hilbert_4_sides_1_open,
          nicolae_spider_hilbert_4_sides_1_open,
          nicolae_spider_hilbert_4_sides_1_open,
          nicolae_spider_hilbert_2_sides_1_open,
          nicolae_spider_hilbert_2_sides_1_open,
          nicolae_spider_hilbert_2_sides_1_open,
          nicolae_spider_hilbert_2_sides_1_open,
          nicolae_spider_hilbert_6_sides_1_open,
          nicolae_spider_hilbert_6_sides_1_open,
          nicolae_spider_hilbert_3_sides_1_open,
          nicolae_spider_hilbert_3_sides_1_open], gammafunk_ghost_grave,
          nicolae_spider_rock_and_or_roll
Spider:4: spider_rune_water, uniq_aizul
Orc:1:    layout_caves, serial_shops, nicolae_shop_trees
Orc:2:    st_orc_pillars, layout_caves, serial_shops, nicolae_shop_mannequins,
          nicolae_shop_waterfront, portal_ice_cave_demonic_guard,
          nicolae_orc_lost_temple
Elf:1:    layout_gridlike, gammafunk_ghost_grave, guppyfry_elf_altar,
          hangedman_summoners_spam
Elf:2:    nicolae_elf_blades_crystal_corner, layout_loops_corners,
          minmay_misc_feat_pillars, st_stairs_11, minmay_shop_grove
Vaults:1: portal_desolation_entry_nicolae_slug, hangedman_vaults_slice,
          nicolae_vaults_tetromino_Z_1, nicolae_vaults_alarming, v_misc_22,
          v_misc_4, nicolae_vaults_offset_grid_hallway_4,
          nicolae_vaults_border_crossing, nicolae_vaults_heist,
          layout_vaults_chaotic_city
Vaults:2: advil_vaults_ghost_lines, minmay_crypt_entry_necro_gods,
          nicolae_vaults_steering_wheel, v_rooms_6, hangedman_vaults_trim,
          vaults_room_ringed_pool, nicolae_vaults_shipping_containers_4,
          nicolae_vaults_ring_of_whatevers, vaults_dpeg_encased_lava, v_misc_1,
          grunt_vaults_diagonal, v_alt_pattern_2,
          nicolae_vaults_variable_pillar_hall, layout_vaults_maze_snakey,
          serial_shops, bzr_entry_lakeside, uniq_zenata
Depths:1: layout_small_grid, hangedman_coc_ice_floe,
          serial_sigils_hangedman_stare, ice2_lemuel, uniq_sojobo

Skill      XL: |  1  2  3  4  5  6  7  8  9 10 11 12 13 14 15 16 17 18 |
---------------+-------------------------------------------------------+-----
Armour         | 4 5 6 8 10 11 14 16 18 19 20 21 | 21.0
Shields        | 4 5 7 10 12 | 12.0
Fighting       | 4 5 6 8 9 10 13 15 18 19 21 22 24 25 | 25.4
Maces & Flails | 3 4 5 6 7 10 12 14 15 16 17 18 | 18.4
Dodging        | 1 3 4 5 6 8 |  8.0
Invocations    | 2 4 5 7 9 |  9.0
Evocations     | 3 6 |  6.0
Necromancy     | 3 5 7 8 |  8.1
Spellcasting   | 2 4 5 7 8 |  8.3

Action                     |  1- 3 |  4- 6 |  7- 9 | 10-12 | 13-15 | 16-18 || total
---------------------------+-------+-------+-------+-------+-------+-------++-------
  Melee: Flail             |    66 |   101 |    18 |       |       |       ||   185
         Headbutt          |     3 |     9 |    25 |   131 |   267 |   363 ||   798
         Whip              |       |       |   158 |   551 |  1094 |  1324 ||  3127
         Unarmed           |       |       |       |       |       |     4 ||     4
  Throw: Dart              |       |       |       |     5 |       |    17 ||    22
   Cast: Fugue of the Fall |       |       |       |       |       |    26 ||    26
 Invoke: Wall of Briars    |       |       |       |     2 |       |     2 ||     4
         Overgrow          |       |       |       |       |     1 |     1 ||     2
  Evoke: Wand              |       |       |       |       |     1 |     2 ||     3
         Phial of floods   |       |       |       |       |       |     1 ||     1
    Use: Scroll            |       |     1 |     3 |     6 |    18 |    27 ||    55
         Potion            |       |       |     1 |     2 |     9 |     3 ||    15
   Stab: Invisible         |       |       |       |       |     1 |       ||     1
 Armour: Scale mail        |    75 |    88 |    30 |       |       |       ||   193
         Chain mail        |       |       |    88 |   430 |   671 |   945 ||  2134
         Skin              |       |       |       |       |       |     1 ||     1
  Dodge: Dodged            |    45 |    48 |    89 |   330 |   617 |   781 ||  1910
         Repelled          |       |       |     7 |    84 |    24 |    94 ||   209
  Block: Buckler           |     2 |       |       |       |       |   432 ||   434
         Other             |       |       |       |    54 |    36 |       ||    90
         Reflection        |       |       |       |     7 |       |       ||     7

Table legend: (Time is in decaauts)
 A = Elapsed time spent in this place.
 B = Non-inter-level travel time spent in this place.
 C = Inter-level travel time spent in this place.
 D = Time resting spent in this place.
 E = Time spent auto-exploring this place.
 F = Levels seen in this place.
 G = Mean time per level.
                   A        B        C        D        E       F      G
               +--------+--------+--------+--------+--------+-----+--------+
         Total |  39068 |  34964 |   4104 |   6140 |  20446 |  38 | 1028.1 |
       Dungeon |  15374 |  13119 |   2255 |   1554 |   9030 |  15 | 1024.9 |
        Temple |      1 |      0 |      1 |      0 |      0 |   1 |    1.0 |
          Lair |   6643 |   5494 |   1149 |    706 |   3677 |   5 | 1328.6 |
         Swamp |   2650 |   2571 |     79 |    447 |   1289 |   4 |  662.5 |
   Spider Nest |   5571 |   5120 |    451 |   1144 |   2567 |   4 | 1392.8 |
  Orcish Mines |   2649 |   2593 |     56 |    909 |    865 |   2 | 1324.5 |
   Elven Halls |   3154 |   3084 |     70 |    650 |   1635 |   2 | 1577.0 |
        Vaults |   1646 |   1607 |     39 |    226 |   1047 |   2 |  823.0 |
        Depths |    659 |    659 |      0 |    504 |     44 |   1 |  659.0 |
         Abyss |    135 |    135 |      0 |      0 |      0 |   1 |  135.0 |
        Bailey |    581 |    581 |      0 |      0 |    291 |   1 |  581.0 |
               +--------+--------+--------+--------+--------+-----+--------+

Top non-repeatable levels by time:
    D:11: 2181 daAuts
  Lair:1: 2100 daAuts
Spider:1: 1772 daAuts
Spider:4: 1728 daAuts
   Elf:1: 1638 daAuts
Vaults:1: 1628 daAuts
   Elf:2: 1515 daAuts
Spider:2: 1477 daAuts
  Lair:5: 1470 daAuts
   Orc:2: 1383 daAuts
  Lair:3: 1293 daAuts
   Orc:1: 1265 daAuts
 Swamp:3: 1232 daAuts
    D:14: 1185 daAuts
    D:13: 1129 daAuts
